 Dungeon Crawl Stone Soup version 0.31.0-32-g396128a36d (webtiles) character file.

Game seed: 16588100278301207727

287 Silvore the Cudgeller (level 6, 0/53 HPs)
             Began as a Minotaur Fighter on Mar 21, 2024.
             Was an Initiate of the Shining One.
             Killed by divine providence
             ... invoked by an orc priest
              (13 damage)
             ... on level 4 of the Dungeon.
             The game lasted 00:03:15 (1991 turns).

Silvore the Cudgeller (Minotaur Fighter)            Turns: 1991, Time: 00:03:16

Health: 0/53       AC: 10    Str: 23    XL:     6   Next: 8%
Magic:  5/5        EV: 10    Int:  5    God:    the Shining One [......]
Gold:   1174       SH:  4    Dex:  9    Spells: 5/5 levels left

rFire   . . .        f - +0 mace
rCold   . . .        c - +0 buckler
rNeg    . . .        b - +0 scale mail
rPois   .            (helmet restricted)
rElec   .            (no cloak)
rCorr   .            u - +2 pair of gloves
SInv    .            (no boots)
Will    .....        (no amulet) Stlth
                     j - ring of flight
HPRegen 0.28/turn    (no ring)
MPRegen 0.09/turn

%: no passive effects
@: flying, glowing
A: horns 2, retaliatory headbutt
a: Renounce Religion


You were on level 4 of the Dungeon.
You worshipped the Shining One.
The Shining One was noncommittal.
You visited 1 branch of the dungeon, and saw 4 of its levels.

You collected 1174 gold pieces.

Inventory:

Hand Weapons
 a - a +0 flail
 f - a +0 mace (weapon)
Armour
 b - a +0 scale mail (worn)
 c - a +0 buckler (worn)
 u - a +2 pair of gloves (worn)
Jewellery
 h - a +6 ring of strength
 j - a ring of flight (left hand)
Scrolls
 e - a scroll of teleportation
 s - a scroll of fog
Potions
 d - a potion of might
 g - 3 potions of curing
 k - a potion of enlightenment {unknown}
 m - 2 potions of heal wounds {unknown}
 o - a potion of attraction {unknown}
 p - a potion of haste {unknown}
 v - a potion of berserk rage {unknown}


   Skills:
 + Level 4.7 Fighting
 + Level 5.4 Maces & Flails
 + Level 5.0 Armour
 + Level 1.2 Dodging
 + Level 4.2 Shields


You had 5 spell levels left.
You didn't know any spells.
Your spell library contained the following spells:

 Spells                   Type           Power      Damage    Failure   Level
 Freeze                   Ice            0%         1d3       83%         1
 Ensorcelled Hibernation  Hex/Ice        0%         N/A       93%         2
 Fugue of the Fallen      Necr           0%         N/A       99%         3
 Anguish                  Hex/Necr       0%         N/A       100%        4


Dungeon Overview and Level Annotations

Branches:
Dungeon (4/15)
 Temple: D:4-7

Altars:
Makhleb
Uskayaw
The Shining One


Innate Abilities, Weirdness & Mutations

You have a pair of horns on your head.
You reflexively headbutt those who attack you in melee.


Message History

The orc wizard is severely wounded.
The orc wizard mumbles some strange words.
The orc wizard flickers and vanishes for a moment.
You barely miss the orc wizard.
The orc wizard is severely wounded.
The orc wizard gestures at you while chanting.
The magic dart hits you but does no damage.
The orc wizard hits you with a +0 dagger.
You bump into the rock wall.
The orc wizard hits you but does no damage.
The orc priest casts a cantrip, but nothing happens.
You bump into the rock wall.
You feel less confused.
The orc wizard hits you with a +0 dagger.
You sock the orc wizard!
You kill the orc wizard!
The orc priest calls down the wrath of Beogh upon you.
Beogh smites you!
* * * LOW HITPOINT WARNING * * *
You have reached level 6!
You hit the orc but do no damage. The orc hits you with a +0 flail.
* * * LOW HITPOINT WARNING * * *
You hit the orc. You headbutt the orc.
You kill the orc!
The orc priest miscasts a cantrip.
Unknown command.
You hit the orc priest. You headbutt the orc priest.
The orc priest is heavily wounded.
The orc priest mumbles some strange prayers to Beogh against you.
Beogh smites you! The Shining One protects you from harm!
The orc priest barely misses you. You furiously retaliate!
You headbutt the orc priest.
You hit the orc priest but do no damage.
You headbutt the orc priest!
You kill the orc priest!
The Shining One accepts your kill.
The orc priest calls down the wrath of Beogh upon you.
Beogh smites you!
You die...

... .. .. ##. .. #o.
..# #w# #.# #)# #.#
#@# # #.# #.# #.#.#
#.#
#.#.######.######
#.................
#####.#.####.##.###.
#.......# #... ..
#.###.### ####.#...
#.# #.# # ..


You could see an orc priest and a dart slug.

Vanquished Creatures
  A black bear (D:4)
  A crimson imp (D:3)
  An orc priest (D:4)
  2 orc wizards
  4 adders
  A dart slug (D:3)
  2 ribbon worms (D:2)
  5 orcs
  5 endoplasms
  2 giant cockroaches
  6 goblins
  3 hobgoblins
  3 jackals (D:2)
  3 kobolds (D:3)
  A quokka (D:2)
  3 ball pythons
  5 bats
  3 frilled lizards
  A goblin zombie (D:3)
  4 hobgoblin zombies (D:3)
  2 kobold skeletons (D:3)
  2 kobold zombies (D:3)
  4 orc zombies (D:3)
  9 rats
73 creatures vanquished.

Notes
Turn   | Place    | Note
-------+----------+-------------------------------------------
     0 | D:1      | Silvore the Minotaur Fighter began the quest for the Orb.
     0 | D:1      | Reached XP level 1. HP: 19/19 MP: 0/0
   326 | D:1      | Reached XP level 2. HP: 25/27 MP: 1/1
   688 | D:2      | Reached XP level 3. HP: 29/33 MP: 2/2
  1183 | D:3      | Found a hide-covered altar of Uskayaw.
  1257 | D:3      | Found a glowing golden altar of the Shining One.
  1262 | D:3      | Reached XP level 4. HP: 40/40 MP: 3/3
  1278 | D:3      | Became a worshipper of the Shining One
  1359 | D:3      | Found a burning altar of Makhleb.
  1359 | D:3      | Noticed a blizzard demon
  1362 | D:3      | Noticed a neqoxec
  1362 | D:3      | Noticed a smoke demon
  1375 | D:3      | Reached XP level 5. HP: 47/47 MP: 4/4
  1454 | D:3      | Reached skill level 1 in Dodging
  1583 | D:3      | Found a faded altar of an unknown god.
  1609 | D:3      | Got Plato's Secrets of the Glacier
  1840 | D:3      | Identified a scroll of acquirement
  1840 | D:3      | Acquired 1042 gold pieces
  1969 | D:4      | Noticed a black bear
  1976 | D:4      | Killed a black bear
  1977 | D:4      | Reached skill level 5 in Maces & Flails
  1977 | D:4      | Reached skill level 5 in Armour
  1988 | D:4      | Reached XP level 6. HP: 13/53 MP: 5/5
  1990 | D:4      | The Shining One protects you from harm!
  1991 | D:4      | Killed from afar by an orc priest

Illustrated notes

Levels and vault maps discovered:
D:1:      psy_arrival_terrarium, layout_loops_ring
D:2:      layout_rooms
D:3:      layout_basic, mainiacjoe_overflow_brackets,
          nicolae_tso_besieged_by_evil, makhleb_altar_promises_db,
          shapermc_ecumenical_altar_rom_forum, serial_bayou_lagoon_a, hex_tiny
D:4:      layout_loops_ring, lemuel_coloured_pillars_altar, bloody_trog,
          lemuel_zombie_altar_kikubaaqudgha, minivault_4

Skill      XL: |  1  2  3  4  5 |
---------------+----------------+-----
Armour         | 4 5 |  5.0
Fighting       | 4 |  4.7
Maces & Flails | 3 4 5 |  5.4
Shields        | 4 |  4.2
Dodging        | 1 |  1.2

Action                     |  1- 3 |  4- 6 || total
---------------------------+-------+-------++-------
  Melee: Flail             |    89 |    26 ||   115
         Headbutt          |     6 |     8 ||    14
         Mace              |       |    37 ||    37
    Use: Scroll            |       |     9 ||     9
 Armour: Scale mail        |    81 |    66 ||   147
  Dodge: Dodged            |    56 |    41 ||    97
  Block: Buckler           |    17 |    13 ||    30
